Map: Frost LE

Players

Miszu - Winner!

  • Race: Terran Terran
  • League: Master

KraKen

  • Race: Zerg Zerg
  • League: Master

VOD

Have the link to the VOD?

Description

Time

  • Played on: June 27, 2016, 8:45 a.m.
  • Length: 10:04
Show
View Real Time Build Order
Export as new Build Order

Miszu Terran - Winner!

Build Orders: Reaper Expand, MMM Bio 

Get SALT Encoding   

  12  0:00  SCV  
  13  0:12  SCV  
  14  0:17  Supply Depot  
  14  0:25  SCV  
  15  0:39  SCV  
  15  0:40  Barracks  
  16  0:44  Refinery  
  16  0:51  SCV  
  17  1:03  SCV  
  18  1:15  SCV  
  19  1:27  Orbital Command  
  19  1:28  Reaper  
  20  1:43  Command Center  
  20  1:52  Supply Depot  
  20  1:55  SCV  
  21  2:01  Barracks Reactor  
  21  2:05  Refinery  
  21  2:07  SCV  
  22  2:19  SCV  
  22  2:22  Factory  
  23  2:31  SCV  
  24  2:38  Marine x2  
  24  2:44  SCV  
  27  2:54  Orbital Command  
  27  2:56  Marine x2, SCV  
  29  3:07  Starport, Factory Reactor  
  29  3:08  SCV  
  30  3:14  Marine  
  30  3:17  Supply Depot  
  31  3:20  SCV x2  
  31  3:25  Marine  
  34  3:31  Marine  
  34  3:32  SCV x2  
  37  3:40  Supply Depot  
  37  3:43  Marine  
  37  3:44  SCV x2  
  40  3:49  Marine  
  40  3:52  Widow Mine  
  40  3:55  Medivac x2  
  47  3:56  SCV x2  
  47  4:00  Marine  
  50  4:03  Supply Depot  
  50  4:07  Marine  
  50  4:08  SCV x2  
  53  4:18  Marine  
  53  4:20  SCV x2  
  53  4:22  Liberator x2  
  56  4:25  Marine, Command Center  
  57  4:33  SCV  
  58  4:40  Factory Tech Lab  
  58  4:41  SCV  
  58  4:43  Refinery  
  65  4:45  Refinery, SCV  
  65  4:48  Marine x2  
  65  4:52  Supply Depot  
  68  4:53  SCV  
  68  4:57  SCV  
  70  5:05  Supply Depot  
  70  5:07  SCV  
  70  5:14  Siege Tank, SCV  
  74  5:24  SCV  
  74  5:26  SCV  
  76  5:30  Engineering Bay  
  76  5:31  Engineering Bay, Barracks  
  76  5:33  Barracks  
  76  5:37  Supply Depot, SCV  
  76  5:38  SCV, Liberator x2  
  78  5:49  SCV  
  79  5:50  SCV  
  87  5:59  Orbital Command  
  87  6:01  SCV  
  85  6:05  Terran Infantry Armor Level 1  
  85  6:06  Terran Infantry Weapons Level 1  
  85  6:07  Barracks  
  85  6:08  Barracks, SCV  
  81  6:20  SCV x2  
  75  6:29  Siege Tank  
  75  6:30  Marine x2  
  75  6:32  Barracks Tech Lab x2, SCV x2  
  83  6:39  Orbital Command  
  82  6:44  SCV  
  83  6:48  Marine x2  
  83  6:53  Stimpack, Combat Shields  
  83  6:54  Marine  
  85  6:57  Barracks Reactor x2  
  85  6:58  SCV x2  
  88  7:04  SCV  
  88  7:05  Marine  
  90  7:09  Marine x2  
  90  7:10  SCV x2  
  90  7:12  Refinery  
  94  7:16  Bunker, SCV  
  94  7:17  Missile Turret  
  94  7:18  Refinery, Barracks  
  94  7:19  Barracks  
  94  7:20  Barracks, Missile Turret  
  94  7:22  SCV, Armory  
  97  7:26  Missile Turret  
  94  7:30  Marine x2  
  96  7:37  Supply Depot  
  96  7:38  Supply Depot  
  96  7:42  Marine x3  
  96  7:43  Marauder x2  
  103  7:45  Medivac x2  
  107  8:04  Marine x3, Missile Turret  
  110  8:06  Barracks Tech Lab x2  
  110  8:09  Marine x5  
  110  8:11  Barracks Tech Lab  
  118  8:18  Supply Depot x2  
  115  8:22  Marine x2  
  115  8:23  Supply Depot  
  115  8:25  Marauder x2  
  115  8:26  Command Center  
  121  8:27  Medivac  
  121  8:28  Marauder  
  125  8:36  Concussive Shells  
  125  8:39  Marine, Medivac  
  125  8:40  Marauder x2  
  132  8:47  Marine x6, Marauder  
  140  8:48  Marine  
  140  8:52  Supply Depot  
  140  8:53  Supply Depot  
  141  8:56  Supply Depot  
  141  8:57  Marine  
  141  9:01  Marauder  
  144  9:09  Marauder  
  146  9:13  SCV  
  147  9:22  Marauder  
  147  9:23  Marine  
  152  9:24  Marine x7, Marauder  
  152  9:25  Medivac  
  152  9:30  Marine  
  162  9:38  Supply Depot  
  162  9:40  Supply Depot  
  162  9:41  Supply Depot, Marine  
  162  9:42  Marine x7  
  162  9:43  Marine  
  162  9:45  Marine  
Show
View Real Time Build Order
Export as new Build Order

KraKen Zerg 

Build Orders: Hatch First 

Get SALT Encoding   

  12  0:01  Drone  
  13  0:08  Drone  
  14  0:18  Extractor, Drone  
  15  0:24  Overlord  
  15  0:42  Drone x2  
  17  0:52  Hatchery  
  17  0:56  Drone  
  17  0:59  Extractor  
  17  1:00  Drone  
  17  1:12  Drone  
  17  1:18  Spawning Pool  
  17  1:23  Drone  
  18  1:28  Drone  
  19  1:40  Overlord  
  19  1:56  Drone  
  20  2:04  Metabolic Boost  
  20  2:05  Queen x2  
  20  2:07  Zergling x2  
  25  2:10  Zergling x2  
  26  2:16  Drone x2  
  26  2:20  Drone  
  29  2:26  Drone  
  30  2:32  Drone  
  31  2:37  Drone  
  31  2:43  Queen  
  34  2:46  Overlord  
  34  2:48  Drone  
  35  2:55  Drone  
  36  3:05  Drone x2  
  38  3:10  Hatchery  
  38  3:11  Overlord  
  37  3:16  Drone x4  
  41  3:21  Queen  
  44  3:27  Zergling x2  
  44  3:31  Zergling x8  
  48  3:34  Overlord  
  48  3:40  Drone  
  49  3:46  Lair  
  49  3:47  Drone x2  
  49  3:48  Drone  
  52  4:04  Extractor, Drone x5  
  52  4:06  Overlord, Extractor  
  55  4:16  Overlord  
  55  4:28  Drone  
  55  4:29  Drone x7  
  63  4:34  Extractor  
  62  4:46  Drone  
  62  4:47  Drone x3  
  62  4:48  Overlord  
  66  4:53  Spire, Drone x3  
  66  4:59  Evolution Chamber  
  67  5:00  Overlord  
  67  5:01  Evolution Chamber  
  66  5:09  Drone  
  66  5:10  Drone x7  
  72  5:21  Zergling x12  
  67  5:26  Overseer x2  
  70  5:29  Zergling x2  
  70  5:33  Zergling x4  
  70  5:35  Baneling Nest  
  70  5:39  Zergling x2  
  58  5:57  Zergling x20  
  52  5:58  Zergling x4  
  58  6:19  Drone  
  58  6:20  Drone x8  
  58  6:25  Spire  
  65  6:32  Zerg Melee Weapons Level 1  
  61  6:45  Extractor x2  
  55  6:52  Drone x3  
  58  7:02  Zerg Ground Armor Level 1  
  58  7:03  Drone  
  58  7:04  Drone  
  60  7:10  Drone  
  60  7:11  Drone x2  
  60  7:14  Drone x2  
  63  7:26  Queen  
  63  7:28  Drone x3  
  63  7:29  Drone  
  69  7:38  Overseer  
  69  7:40  Zerg Flyer Weapons Level 1, Drone  
  69  7:41  Drone x2  
  69  7:43  Drone x2  
  69  7:44  Drone  
  73  7:46  Drone  
  65  8:15  Drone, Spore Crawler  
  65  8:16  Drone x14  
  79  8:24  Centrifical Hooks  
  79  8:29  Corruptor x2  
  79  8:31  Corruptor  
  85  8:35  Corruptor  
  85  8:39  Zergling x4  
  85  8:40  Overlord  
  89  8:46  Overlord  
  89  9:01  Hatchery  
  88  9:07  Zergling x2  
  88  9:08  Zergling x22  
  100  9:16  Baneling  
  100  9:17  Baneling x4  
  100  9:18  Baneling x4  
  100  9:21  Zergling x2  
  100  9:22  Zergling x8  
  105  9:28  Overlord x2  
  105  9:29  Overlord  
  105  9:31  Baneling  
  105  9:32  Baneling x6  
  105  9:37  Overlord x2  
  103  9:46  Zergling x2  
  103  9:47  Zergling x12  
Tags
 
Add a new tag
Caveats
  • Supply blocks, unpowered buildings, or Contaminate may cause inaccurate times.
  • Supply counts are checked every 10 seconds.